 Dungeon Crawl Stone Soup version 0.31.0-11-ge490571c62 (webtiles) character file.

Game seed: 12551123867035811079

407 monsoonserge the Ducker (level 6, -2/47 HPs)
             Began as a Merfolk Artificer on Feb 4, 2024.
             Slain by a gnoll
             ... wielding a +2 whip of electrocution
              (18 damage)
             ... on level 4 of the Dungeon.
             The game lasted 00:12:46 (3879 turns).

monsoonserge the Ducker (Merfolk Artificer)         Turns: 3879, Time: 00:12:46

Health: -2/47      AC:  5    Str: 13    XL:     6   Next: 88%
Magic:  6/6        EV: 12    Int: 12    God:
Gold:   206        SH:  0    Dex: 14    Spells: 5/5 levels left

rFire   + . .        E - +2 short sword (flame)
rCold   . . .        (no shield)
rNeg    . . .        F - +0 ring mail
rPois   .            (no helmet)
rElec   .            (no cloak)
rCorr   .            (no gloves)
SInv    .            (no boots)
Will    .....        (no amulet)
Stlth   +            y - ring of protection from fire
HPRegen 0.27/turn    (no ring)
MPRegen 0.10/turn

%: no passive effects
@: no status effects
A: (nimble swimmer 2), mertail
a: no special abilities


You were on level 4 of the Dungeon.
You visited 1 branch of the dungeon, and saw 5 of its levels.

You collected 206 gold pieces.

Inventory:

Hand Weapons
 r - a +0 spear
 s - a +0 halberd
 B - a +0 long sword of electrocution
 E - a +2 short sword of flaming (weapon)
Missiles
 l - 25 poisoned darts
 m - 5 javelins
 n - 8 boomerangs (quivered)
 A - 2 throwing nets
Armour
 b - a +0 leather armour
 F - a +0 ring mail (worn)
 G - a +0 scale mail
Jewellery
 a - a ring of wizardry
 i - a +6 ring of intelligence
 y - a ring of protection from fire (left hand)
 C - a +6 ring of strength
 L - a ring of fire
Wands
 c - a wand of flame (3)
 d - a wand of charming (15)
 e - a wand of iceblast (4)
 v - a wand of paralysis (12)
Scrolls
 g - 2 scrolls of identify
 j - a scroll of brand weapon {unknown}
 k - a scroll of silence {unknown}
 o - 4 scrolls of teleportation
 q - a scroll of noise {unknown}
 t - a scroll of enchant weapon {unknown}
 u - a scroll of fear {unknown}
 w - a scroll of vulnerability {unknown}
 D - 2 scrolls of blinking
 H - a scroll of revelation {unknown}
 K - a scroll of immolation {unknown}
Potions
 h - 2 potions of curing
 p - a potion of invisibility {unknown}
 x - a potion of might {unknown}
 I - a potion of resistance {unknown}
 J - a potion of haste {unknown}
 M - a potion of berserk rage {unknown}
 N - a potion of heal wounds {unknown}


   Skills:
 + Level 3.0 Fighting
 * Level 3.3 Short Blades
 - Level 1.4 Polearms
 + Level 0.1 Throwing
 + Level 2.5 Armour
 + Level 4.5 Dodging
 + Level 1.7 Stealth
 + Level 3.8 Evocations


You had 5 spell levels left.
You didn't know any spells.
Your spell library was empty.

Dungeon Overview and Level Annotations

Branches:
Dungeon (5/15)
 Temple: D:4-7

Altars:

Shops:
D:4 =

Annotations:
D:4 2 transporters, zureal's ghost, amateur MiBe
D:5 Edmund


Innate Abilities, Weirdness & Mutations

((You are very nimble when in or above water. (Stealth+, EV+, Speed+++)))
Your lower body shifts to a powerful aquatic tail in water.


Message History

There is a stone staircase leading down here.
A gnoll is nearby!
The gnoll hits you but does no damage.
You hit the gnoll but do no damage. The gnoll closely misses you.
You closely miss the gnoll. The gnoll hits you with a +0 spear.
You hit the gnoll. You burn the gnoll.
The gnoll is moderately wounded.
You hit the gnoll. You burn the gnoll.
The gnoll is almost dead.
The gnoll barely misses you.
You hit the gnoll but do no damage.
The gnoll is almost dead.
The gnoll hits you with a +0 spear.
You hit the gnoll. You burn the gnoll.
You kill the gnoll!
Things that are here:
a +0 spear; a gnoll corpse The gnoll shouts!
The gnoll hits you with a +0 club.
The gnoll shouts!
You hit the gnoll. You burn the gnoll.
The gnoll is moderately wounded.
The gnoll hits you but does no damage.
You hit the gnoll. You burn the gnoll.
The gnoll is heavily wounded.
The gnoll barely misses you.
You hit the gnoll but do no damage.
The gnoll is heavily wounded.
You closely miss the gnoll.
The gnoll is heavily wounded.
The gnoll completely misses you. The gnoll hits you with a +0 club!
You hit the gnoll but do no damage.
The gnoll is heavily wounded.
The gnoll hits you but does no damage.
You are electrocuted!
The gnoll hits you but does no damage.
You hit the gnoll. You burn the gnoll.
You kill the gnoll!
The gnoll hits you with a +2 whip of electrocution.
You are electrocuted!!
You die...

....##.#####...## #..###
.#####..##......###....##
..###...###......#..##..#
........####.....##.##..#
....#....####...#...##.#######
...###...#...........>...#...#
...# ##....).................#
...## #.#....................#
....# #..#......@.....>#.....##
.>.#########....g).....##.....#
#....###...##..........###....#
##...##.....##...........#....#
.#...#.......#................##
.'...'.......#.................#
.#...#.......#.......##........#
##[).##.....##...........#...###
##...###...###..........###..#


You could see a gnoll.

Vanquished Creatures
  A howler monkey (D:4)
  A jelly (D:2)
  3 orc priests
  A hound (D:4)
  An iguana (D:4)
  An orc wizard (D:3)
  5 gnolls
  4 adders
  A ribbon worm (D:2)
  A dart slug (D:1)
  9 orcs
  7 bats
  8 endoplasms
  3 giant cockroaches
  8 goblins
  7 hobgoblins
  3 jackals
  6 quokkas
  9 ball pythons
  2 frilled lizards (D:2)
  7 kobolds
  10 rats
98 creatures vanquished.

Notes
Turn   | Place    | Note
-------+----------+-------------------------------------------
     0 | D:1      | monsoonserge the Merfolk Artificer began the quest for the
                  | Orb.
     0 | D:1      | Reached XP level 1. HP: 15/15 MP: 1/1
    80 | D:1      | Reached XP level 2. HP: 21/21 MP: 2/2
   120 | D:1      | Reached skill level 1 in Armour
   383 | D:1      | Reached XP level 3. HP: 19/26 MP: 3/3
   705 | D:1      | Reached skill level 3 in Dodging
   931 | D:2      | Reached XP level 4. HP: 32/33 MP: 4/4
  1468 | D:2      | Reached XP level 5. HP: 38/38 MP: 5/5
  1495 | D:2      | Reached skill level 4 in Dodging
  1960 | D:3      | Reached skill level 1 in Polearms
  2577 | D:3      | Reached skill level 1 in Short Blades
  2577 | D:3      | Reached XP level 6. HP: 10/44 MP: 6/6
  2856 | D:4      | Found Tecimm's Jewellery Boutique.
  3041 | D:4      | Found a transporter.
  3042 | D:4      | Noticed zureal's ghost (amateur MiBe)
  3497 | D:4      | Identified the +6 great mace "Oqiet" {speed, Int+3 Dex+3
                  | Stlth+}
  3506 | D:4      | Found a transporter.
  3699 | D:5      | Entered Level 5 of the Dungeon
  3847 | D:5      | Noticed Edmund
  3879 | D:4      | Slain by a gnoll

Illustrated notes

Levels and vault maps discovered:
D:1:      mrwooster_arrival_statue_3, layout_basic, st_stairs_7
D:2:      layout_rooms, minmay_tall_x
D:3:      layout_loops_ring, minmay_tree_intersection, hex_tiny
D:4:      kennysheep_six_static_rooms, layout_cave_pools, gammafunk_ghost_smash,
          minmay_shop_enchanted_jewellery
D:5:      layout_basic, makhleb_altar_promises_db, temple_green,
          chequers_serial_rivers_micro_c, uniq_ijyb, uniq_edmund

Skill      XL: |  1  2  3  4  5  6 |
---------------+-------------------+-----
Armour         | 1 2 |  2.5
Dodging        | 3 4 |  4.5
Fighting       | 2 3 |  3.0
Polearms       | 1 |  1.4
Short Blades   | 1 3 |  3.3
Throwing       | |  0.1
Stealth        | |  1.7
Evocations     | |  3.8

Action                     |  1- 3 |  4- 6 || total
---------------------------+-------+-------++-------
  Melee: Mace              |   135 |    41 ||   176
         Dagger            |     7 |       ||     7
         Punch             |     2 |       ||     2
         Spear             |       |     5 ||     5
         Halberd           |       |    39 ||    39
         Short sword       |       |   118 ||   118
         Long sword        |       |    13 ||    13
  Throw: Boomerang         |       |     3 ||     3
  Evoke: Wand              |     1 |    12 ||    13
    Use: Potion            |       |     1 ||     1
         Scroll            |       |     2 ||     2
   Stab: Sleeping          |     1 |     4 ||     5
 Armour: Leather armour    |   136 |    93 ||   229
         Ring mail         |       |    47 ||    47
  Dodge: Dodged            |   150 |   153 ||   303
